Match 20657721
Unlisted

Match 20657721
End
Construct Section Command Post
Infantry Section
Infantry Section
Infantry Section
Construct Platoon Command Post
Selects Heavy Armor Battlegroup
Selects Rigorous Vehicle Training
Selects Light Vehicle Withdraw and Refit
Humber Armored Car
CMP 15cwt Truck
Unlock M3 Stuart Light Tanks
Selects Forward Repair Assembly
6-pounder Anti-tank Gun Team
Unlock Bishop Self-propelled Artillery
Humber Armored Car
Royal Engineer Section
Selects Crusader AA Medium Tank
6-pounder Anti-tank Gun Team
Team Weapon Training
Construct Company Command Post
Grenade Package
Unlock M3 Grant Medium Tanks
Selects Churchill Black Prince Heavy Tank
M3 Grant Medium Tank
M3 Grant Medium Tank
Uberlicious
Blaze of Glory
DirtyDan
ccocco
Delete Squad
haywire500
0
0

Comments sign in to comment!

No comments posted yet!